 Dungeon Crawl Stone Soup version 0.30-a0-56-ge6a4009bfd (webtiles) character file.

Game seed: 5940513603706330819

29931 Gildeon the Severer (level 13, 0/113 HPs)
             Began as a Minotaur Fighter on Sept 10, 2022.
             Was a High Priest of the Shining One.
             Slain by a red ugly thing (20 damage)
             ... on level 15 of the Dungeon on Dec 9, 2022.
             The game lasted 00:41:57 (12249 turns).

Gildeon the Severer (Minotaur Fighter)             Turns: 12249, Time: 00:41:58

Health: 0/113      AC: 28    Str: 24    XL:     13   Next: 17%
Magic:  20/20      EV:  9    Int:  5    God:    the Shining One [*****.]
Gold:   1408       SH: 10    Dex: 12    Spells: 23/23 levels left

rFire   . . .      SeeInvis .    a - +1 war axe (protect)
rCold   . . .      Faith    .    A - +0 kite shield
rNeg    + + +      Spirit   .    x - +6 chain mail {rN+}
rPois   .          Reflect  .    (helmet restricted)
rElec   .          Harm     .    t - +0 cloak
rCorr   .          Rampage  .    r - +0 pair of gloves
Will    +....                    f - +0 pair of boots
Stlth   ..........               q - amulet of regeneration
HPRegen 1.08/turn                o - ring of willpower
MPRegen 0.17/turn                E - +4 ring of slaying

@: under a protective aura, glowing
A: horns 2, retaliatory headbutt
a: Renounce Religion, Divine Shield, Cleansing Flame, Summon Divine Warrior


You were on level 15 of the Dungeon.
You worshipped the Shining One.
The Shining One was extremely pleased with you.
You visited 2 branches of the dungeon, and saw 16 of its levels.
You also visited: Ossuary and Bailey.

You collected 1408 gold pieces.

Inventory:

Hand Weapons
 a - a +1 war axe of protection (weapon)
 k - a +3 war axe
 n - a +5 broad axe
 B - a +0 scimitar of flaming
 I - a +0 antimagic war axe
 P - the +5 war axe "Qixtomn" {freeze, +Blink rCorr}
   (You found it on level 15 of the Dungeon)

   It freezes those it strikes, dealing additional cold damage.
   It can also slow down cold-blooded creatures.
   +Blink:    It lets you blink.
   rCorr:     It protects you from acid and corrosion.
Missiles
 z - 4 throwing nets (quivered)
Armour
 f - a +0 pair of boots (worn)
 r - a +0 pair of gloves (worn)
 t - a +0 cloak (worn)
 x - a +6 chain mail of positive energy (worn)
 A - a +0 kite shield (worn)
Jewellery
 o - a ring of willpower (left hand)
 q - an amulet of regeneration (around neck)
 E - a +4 ring of slaying (right hand)
 F - a ring of flight
Wands
 b - a wand of mindburst (11)
 c - a wand of paralysis (10)
 j - a wand of polymorph (11)
 l - a wand of digging (1)
 p - a wand of iceblast (15)
 K - a wand of flame (17)
Scrolls
 i - 6 scrolls of blinking
 s - 5 scrolls of fear
 u - 2 scrolls of summoning
 y - a scroll of amnesia {unknown}
 C - a scroll of torment {unknown}
 D - 8 scrolls of teleportation
 N - a scroll of silence {unknown}
Potions
 d - 4 potions of might
 e - 5 potions of heal wounds
 g - 3 potions of ambrosia
 h - 5 potions of curing
 m - a potion of brilliance {unknown}
 v - 2 potions of mutation {unknown}
 w - 2 potions of lignification {unknown}
 G - 3 potions of cancellation
 H - a potion of experience
 J - a potion of resistance {unknown}
 L - a potion of flight {unknown}
 M - a potion of berserk rage {unknown}
 O - a potion of degeneration {unknown}


   Skills:
 - Level 10.0 Fighting
 - Level 16.0 Axes
 - Level 5.0 Throwing
 - Level 10.0 Armour
 + Level 7.3 Dodging
 + Level 6.9 Shields
 + Level 5.6 Spellcasting
 - Level 5.0 Invocations
 - Level 5.0 Evocations


You had 23 spell levels left.
You didn't know any spells.
Your spell library contained the following spells:

 Spells                   Type           Power      Damage    Failure   Level
 Magic Dart               Conj           4%         1d3       99%         1
 Shock                    Conj/Air       4%         1d3       99%         1
 Call Imp                 Summ           1%         N/A       100%        2
 Conjure Flame            Conj/Fire      1%         6-21      100%        3
 Dazzling Flash           Conj/Hex       2%         N/A       100%        3
 Frozen Ramparts          Ice            2%         1d1       100%        3
 Ignite Poison            Fire/Tmut/Pois 1%         N/A       100%        3
 Mephitic Cloud           Conj/Pois/Air  1%         N/A       100%        3
 Ozocubu's Armour         Ice            1%         N/A       100%        3
 Swiftness                Air            1%         N/A       100%        3
 Airstrike                Air            0%         2d(1-17)  100%        4
 Ice Form                 Ice/Tmut       1%         N/A       100%        4
 Sticky Flame             Conj/Fire      1%         2d3       100%        4
 Summon Ice Beast         Ice/Summ       1%         N/A       100%        4
 Agony                    Necr           1%         N/A       100%        5
 Metabolic Englaciation   Hex/Ice        0%         N/A       100%        5
 Silence                  Hex/Air        0%         N/A       100%        5
 Simulacrum               Ice/Necr       0%         N/A       100%        6


Dungeon Overview and Level Annotations

Branches:
Dungeon (15/15)            Temple (1/1) D:4            Lair (0/5) D:11
    Orc (0/2) D:10         Vaults (0/5) D:14        Ossuary (visited)
 Bailey (visited)
 Depths: D:15

Altars:
Ashenzari
Cheibriados
Dithmenos
Elyvilon
Fedhas
Gozag
Hepliaklqana
Kikubaaqudgha
Makhleb
Nemelex Xobeh
Okawaru
Qazlal
Ru
Sif Muna
Trog
Uskayaw
Vehumet
Wu Jian
Xom
Yredelemnul
Zin
The Shining One

Shops:
D:12 :[

Portals:
Trove: D:11 (show abyssal rune of Zot)


Innate Abilities, Weirdness & Mutations

You have a pair of horns on your head.
You reflexively headbutt those who attack you in melee.


Message History

You slash the white ugly thing!
Your weapon exudes an aura of protection.
You headbutt the white ugly thing, but do no damage.
The white ugly thing is lightly wounded.
The white ugly thing kicks you. The white ugly thing freezes you!!
You barely miss the white ugly thing.
The white ugly thing is lightly wounded.
You hit the red ugly thing. The red ugly thing barely misses you.
You block the white ugly thing's attack.
You slice the white ugly thing!!
The white ugly thing is heavily wounded.
You slash the red ugly thing! x2; You block the red ugly thing's attack. x2
You slash the white ugly thing! You headbutt the white ugly thing.
The white ugly thing is severely wounded.
You slash the red ugly thing! You barely miss the red ugly thing.
The white ugly thing kicks you but does no damage.
The red ugly thing claws you but does no damage.
The red ugly thing tentacle-slaps you but does no damage.
You slash the white ugly thing!
The white ugly thing is severely wounded.
You slash the red ugly thing! x2
The white ugly thing basks in the mutagenic energy from its kin and changes!
The red ugly thing claws you!
You are engulfed in flames!!
* * * LOW HITPOINT WARNING * * *
You hit the red ugly thing. You headbutt the red ugly thing!
You kill the red ugly thing!
You slash the red ugly thing! x2; The red ugly thing closely misses you.
You slash the red ugly thing! You headbutt the red ugly thing!
The red ugly thing is almost dead.
You hit the red ugly thing.
The red ugly thing claws you but does no damage.
The red ugly thing tentacle-slaps you but does no damage.
You slash the red ugly thing!
You kill the red ugly thing!
You slash the red ugly thing!
The red ugly thing claws you but does no damage.
The red ugly thing claws you!
* * * LOW HITPOINT WARNING * * *
You are engulfed in flames!!
You die...

#..................
#..#####........... +..#
#u.......... #..#
#........... . #..#
#...........
#.#####..#####......###..
#...................# #..
#......†u...........# #..
#......<@........#### #..
#....############# #..
#.. .. #


You could see a red ugly thing.

Vanquished Creatures
  An orc warlord (Bailey)
  A very ugly thing (D:14)
  A boulder beetle (D:14)
  Erolcha (D:9)
  Harold (D:9)
  A hydra (D:7)
  Erica (D:9)
  2 vault guards (D:14)
  A centaur warrior (D:13)
  A two-headed ogre (D:12)
  3 death yaks
  A tengu warrior (D:12)
  Sonja (D:12)
  Pikel (D:4)
  An orc knight (Bailey)
  2 wizards (D:14)
  3 ugly things
  A manticore (D:14)
  7 cyclopes
  An unseen horror (D:12)
  2 gargoyles (D:12)
  A cane toad (shapeshifter) (D:10)
  A kobold demonologist (D:9)
  3 komodo dragons
  The ghost of WhatIsLove the Shooter, a novice DEAM (D:4)
  2 trolls
  Prince Ribbit (D:5)
  Sigmund (D:5)
  2 vampires
  2 wyverns
  2 wraiths
  12 yaks
  21 humans (D:14)
  A basilisk (D:14)
  8 vampire mosquitoes
  A steam dragon (D:8)
  Edmund (D:5)
  3 orc warriors
  2 ice beasts (D:5)
  An ogre (D:6)
  A sky beast (D:7)
  7 centaurs
  A lemure (D:4)
  3 bullfrogs
  An elf zombie (D:8)
  2 necrophages
  An elf skeleton (D:8)
  3 gnoll sergeants
  2 scorpions (D:6)
  11 wights
  3 killer bees (D:9)
  3 howler monkeys
  3 electric eels (D:11)
  A centaur zombie (Ossuary)
  5 hounds
  4 jellies (D:6)
  2 human zombies
  6 orc priests
  2 human skeletons (D:8)
  7 iguanas
  Ijyb (D:5)
  7 orc wizards
  2 mummies (Ossuary)
  14 gnolls
  7 adders
  A white imp (D:6)
  3 worms
  3 dart slugs
  28 orcs
  6 bats
  6 endoplasms
  4 giant cockroaches
  9 goblins
  3 hobgoblins
  8 jackals
  14 kobolds
  7 quokkas
  6 ball pythons
  3 gnoll zombies (Ossuary)
  A goblin zombie (Ossuary)
  4 hobgoblin zombies (Ossuary)
  An orc skeleton (D:8)
  4 orc zombies (Ossuary)
  3 rats
313 creatures vanquished.

Vanquished Creatures (others)
  A wizard (D:9)
  19 plants
20 creatures vanquished.

Grand Total: 333 creatures vanquished

Notes
Turn   | Place    | Note
-------+----------+-------------------------------------------
     0 | D:1      | Gildeon the Minotaur Fighter began the quest for the Orb.
     0 | D:1      | Reached XP level 1. HP: 19/19 MP: 0/0
   248 | D:1      | Reached skill level 3 in Axes
   248 | D:1      | Reached XP level 2. HP: 27/27 MP: 1/1
   563 | D:1      | Reached XP level 3. HP: 26/33 MP: 2/2
  1387 | D:2      | Found a faded altar of an unknown god.
  1578 | D:2      | Reached skill level 4 in Axes
  2110 | D:3      | Reached XP level 4. HP: 40/40 MP: 3/3
  2799 | D:4      | Found a staircase to the Ecumenical Temple.
  2811 | Temple   | Entered the Ecumenical Temple
  2929 | Temple   | Became a worshipper of the Shining One
  2979 | D:4      | Found a runed translucent door.
  2991 | D:4      | Reached XP level 5. HP: 42/47 MP: 4/4
  2997 | D:4      | Reached skill level 5 in Axes
  3076 | D:4      | Reached skill level 5 in Armour
  3091 | D:4      | Reached skill level 5 in Fighting
  3136 | D:4      | Noticed a lemure
  3147 | D:4      | Killed a lemure
  3149 | D:4      | Noticed Pikel
  3149 | D:4      | Noticed a lemure
  3150 | D:4      | Noticed a lemure
  3150 | D:4      | Noticed a lemure
  3161 | D:4      | Killed Pikel
  3162 | D:4      | Reached skill level 7 in Axes
  3162 | D:4      | Reached XP level 6. HP: 33/56 MP: 5/5
  3162 | D:4      | Reached XP level 7. HP: 36/61 MP: 6/6
  3356 | D:4      | Noticed WhatIsLove's ghost (novice DEAM)
  3372 | D:4      | Killed WhatIsLove's ghost
  3373 | D:4      | Reached skill level 8 in Axes
  3405 | D:5      | Entered Level 5 of the Dungeon
  3406 | D:5      | Found a sacrificial altar of Ru.
  3411 | D:5      | Reached skill level 9 in Axes
  3411 | D:5      | Reached XP level 8. HP: 68/68 MP: 7/7
  3441 | D:5      | Noticed Sigmund
  3458 | D:5      | Killed Sigmund
  3484 | D:5      | Noticed Edmund
  3487 | D:5      | Noticed Ijyb
  3488 | D:5      | Noticed Prince Ribbit
  3501 | D:5      | Killed Ijyb
  3502 | D:5      | Killed Edmund
  3503 | D:5      | Reached skill level 5 in Dodging
  3513 | D:5      | Killed Prince Ribbit
  3514 | D:5      | Reached skill level 10 in Axes
  3514 | D:5      | Reached skill level 5 in Shields
  3726 | D:5      | Reached * piety under the Shining One
  3744 | D:5      | Reached skill level 1 in Invocations
  3751 | D:5      | Reached skill level 11 in Axes
  3751 | D:5      | Reached skill level 1 in Spellcasting
  3751 | D:5      | Reached XP level 9. HP: 48/74 MP: 7/9
  3901 | D:6      | Found a shimmering altar of Xom.
  4204 | D:6      | Reached skill level 12 in Axes
  4414 | D:6      | You fall into a shaft and drop 3 floors!
  4508 | D:9      | Noticed a kobold demonologist
  4515 | D:9      | Noticed a hellwing
  4523 | D:9      | Noticed a rust devil
  4537 | D:9      | Killed a kobold demonologist
  4593 | D:9      | Found a shimmering blue altar of Sif Muna.
  4609 | D:9      | Noticed Erica
  4629 | D:9      | Killed Erica
  4630 | D:9      | Reached skill level 13 in Axes
  4630 | D:9      | Reached XP level 10. HP: 66/81 MP: 13/13
  4733 | D:9      | Noticed Erolcha
  4754 | D:9      | Killed Erolcha
  4807 | D:9      | Noticed Harold
  4817 | D:9      | Killed Harold
  4818 | D:9      | Reached skill level 5 in Invocations
  4860 | D:9      | Reached skill level 14 in Axes
  4880 | D:9      | Found a bloodstained altar of Trog.
  4886 | D:9      | Noticed a wizard
  4890 | D:9      | Killed a wizard
  5202 | D:8      | Found a sand-covered staircase.
  5202 | D:8      | Reached ** piety under the Shining One
  5213 | Ossuary  | Entered an ossuary
  5249 | Ossuary  | Reached *** piety under the Shining One
  5785 | D:6      | Reached skill level 1 in Evocations
  5961 | D:7      | Noticed a six-headed hydra
  5971 | D:7      | Killed a one-headed hydra
  6374 | D:7      | Found a blossoming altar of Fedhas.
  6730 | D:8      | Reached skill level 15 in Axes
  6748 | D:8      | Found a snail-covered altar of Cheibriados.
  6839 | D:8      | Reached **** piety under the Shining One
  6983 | D:8      | Found an opulent altar of Gozag.
  7017 | D:8      | Found a glowing silver altar of Zin.
  7094 | D:9      | Found an iron altar of Okawaru.
  7096 | D:9      | Found a hide-covered altar of Uskayaw.
  7096 | D:9      | Found a radiant altar of Vehumet.
  7290 | D:10     | Entered Level 10 of the Dungeon
  7300 | D:10     | Reached XP level 11. HP: 86/86 MP: 16/16
  7413 | D:10     | Identified the +4 short sword "Enuos" {holy, Will++ Str+4}
  7426 | D:10     | Found a staircase to the Orcish Mines.
  7532 | D:10     | Found a flagged portal.
  7552 | Bailey   | Entered a bailey
  7559 | Bailey   | Noticed an orc warlord
  7663 | Bailey   | Noticed an orc knight
  7681 | Bailey   | Killed an orc knight
  7781 | Bailey   | Found a runed translucent gate.
  7783 | Bailey   | Found a runed translucent gate.
  7785 | Bailey   | Found a runed translucent gate.
  7835 | Bailey   | Killed an orc warlord
  7972 | D:10     | Found a burning altar of Makhleb.
  8105 | D:10     | Reached skill level 16 in Axes
  8105 | D:10     | Reached skill level 5 in Spellcasting
  8531 | D:10     | Found a sparkling altar of Nemelex Xobeh.
  8531 | D:10     | Found a stormy altar of Qazlal.
  8532 | D:10     | Found a basalt altar of Yredelemnul.
  8582 | D:10     | Noticed a harpy
  8584 | D:10     | a harpy changed into a cane toad
  8689 | D:10     | Reached ***** piety under the Shining One
  8932 | D:11     | Noticed a death yak
  8932 | D:11     | Found a staircase to the Lair.
  8934 | D:11     | Noticed a death yak
  8935 | D:11     | Noticed a death yak
  8945 | D:10     | Killed a death yak
  8981 | D:10     | Killed a death yak
  8991 | D:11     | Killed a death yak
  8992 | D:11     | Reached skill level 5 in Evocations
  9006 | D:11     | Found a portal to a secret trove of treasure.
  9050 | D:11     | Reached skill level 1 in Throwing
  9613 | D:12     | Identified the +2 ring mail of Gallantry {MP-9 Str+2
                  | Stlth+}
  9691 | D:12     | Noticed Sonja
  9692 | D:12     | Paralysed by Sonja for 4 turns
  9700 | D:12     | Killed Sonja
  9701 | D:12     | Reached XP level 12. HP: 33/100 MP: 18/18
  9784 | D:12     | Noticed a tengu warrior
  9794 | D:12     | Killed a tengu warrior
  9795 | D:12     | Found Doovept's Self-Improvement Boutique.
  9883 | D:12     | Noticed a two-headed ogre
  9890 | D:12     | Killed a two-headed ogre
 10315 | D:12     | Found Nuoprioq's Armour Emporium.
 10729 | D:13     | Found a gate leading to a gauntlet.
 10980 | D:13     | Noticed a centaur warrior
 10991 | D:13     | Reached skill level 5 in Throwing
 10997 | D:13     | Killed a centaur warrior
 11653 | D:14     | Noticed a boulder beetle
 11687 | D:14     | Killed a boulder beetle
 11733 | D:14     | Reached skill level 10 in Armour
 11762 | D:14     | Reached skill level 10 in Fighting
 11839 | D:14     | Found a gate to the Vaults.
 11839 | D:14     | Noticed a vault guard
 11839 | D:14     | Noticed a vault guard
 11869 | D:14     | Killed a vault guard
 11870 | D:14     | Reached XP level 13. HP: 93/113 MP: 18/20
 12089 | D:15     | Entered Level 15 of the Dungeon
 12168 | D:15     | Identified the +5 war axe "Qixtomn" {freeze, +Blink rCorr}
 12189 | D:15     | Noticed a purple very ugly thing
 12236 | D:14     | Killed a purple very ugly thing
 12249 | D:15     | Slain by a red ugly thing

Illustrated notes

Levels and vault maps discovered:
D:1:      dpeg_arrival_ternary, layout_loops_ring, minmay_pentomino_q4
D:2:      minmay_spotlight, layout_loops_corners, ebering_ecumenical_altar_box,
          serial_forest, infiniplex_forest_lined_2,
          infiniplex_forest_clump_double, infiniplex_forest_straight_5,
          infiniplex_forest_end_1, infiniplex_forest_clump_medium,
          infiniplex_forest_straight_2, infiniplex_forest_clump_double,
          infiniplex_forest_clump_tiny
D:3:      layout_basic
D:4:      layout_rooms, minmay_temple_entry_statues_fountains,
          ebering_ghost_sewer_d, fountainhead, uniq_pikel
D:5:      layout_basic, hangedman_ru_absence, uniq_prince_ribbit1, uniq_sigmund,
          uniq_edmund, uniq_ijyb
D:6:      layout_loops_corners, dk_xom_monty_hall
D:7:      layout_basic, kennysheep_mini_moat, serial_glass, glass_columns_c,
          glass_columns_c, glass_columns_b, glass_columns_c, lemuel_flame_loot_1
D:8:      layout_rooms, pdpol_temple_overflow_zin_treasury_gozag_greed,
          mainiacjoe_overflow_catwalk, nicolae_ossuary_entry_catacombs
D:9:      layout_basic, mainiacjoe_overflow_brackets, trog_wizard,
          chequers_temple_overflow_statue_of_worship, uniq_harold, uniq_erolcha,
          uniq_erica
D:10:     layout_layer_cave, bloody_makhleb, gammafunk_temple_overflow_claw,
          orc_0_dummy, enter_bailey_1
D:11:     layout_big_octagon, dpeg_lair_monsters, enter_trove_1, serial_bayou,
          serial_bayou_pond_e, serial_bayou_pond_a, serial_bayou_lake_a,
          serial_bayou_pond_d
D:12:     layout_roguey, serial_shops, nicolae_lakefront_shop,
          nicolae_shop_self_help, uniq_sonja
D:13:     layout_gridville, gauntlet_entry_generic
D:14:     layout_irregular_city, grunt_vaults_entry_tiered, moated_statue,
          hive_lemuel
D:15:     gammafunk_enter_depths_forms, layout_irregular_city, serial_shops,
          shop, nicolae_concentric_dashed_squares_wild
Temple:   hellmonk_temple_beads

Skill      XL: |  1  2  3  4  5  6  7  8  9 10 11 12 13 |
---------------+----------------------------------------+-----
Axes           | 3 4 7 9 11 13 15 16 | 16.0
Fighting       | 4 5 7 10 | 10.0
Armour         | 4 5 7 10 | 10.0
Dodging        | 3 4 5 6 7 |  7.3
Shields        | 5 6 |  6.9
Invocations    | 1 4 5 |  5.0
Spellcasting   | 1 3 4 5 |  5.6
Evocations     | 2 5 |  5.0
Throwing       | 2 5 |  5.0

Action                   |  1- 3 |  4- 6 |  7- 9 | 10-12 | 13-15 || total
-------------------------+-------+-------+-------+-------+-------++-------
Melee: War axe           |    80 |    77 |   170 |   535 |    46 ||   908
       Headbutt          |     7 |    12 |    49 |   147 |    18 ||   233
       Scimitar          |       |       |       |     6 |       ||     6
  Use: Scroll            |       |       |       |    18 |       ||    18
       Potion            |       |       |       |     2 |       ||     2
Armor: Scale mail        |    47 |    35 |       |       |       ||    82
       Plate armour      |       |     8 |    30 |       |       ||    38
       Chain mail        |       |     5 |    56 |   266 |    16 ||   343
Dodge: Dodged            |    34 |    38 |    51 |   129 |     7 ||   259
Block: Buckler           |    16 |    25 |    20 |       |       ||    61
       Kite shield       |       |       |    31 |   188 |    11 ||   230

Table legend: (Time is in decaauts)
 A = Elapsed time spent in this place.
 B = Non-inter-level travel time spent in this place.
 C = Inter-level travel time spent in this place.
 D = Time resting spent in this place.
 E = Time spent auto-exploring this place.
 F = Levels seen in this place.
 G = Mean time per level.
                   A        B        C        D        E       F      G
               +--------+--------+--------+--------+--------+-----+--------+
         Total |  12285 |  11751 |    534 |    131 |   8825 |  18 |  682.5 |
       Dungeon |  11741 |  11226 |    515 |     67 |   8696 |  15 |  782.7 |
        Temple |    137 |    118 |     19 |      0 |     71 |   1 |  137.0 |
       Ossuary |    106 |    106 |      0 |      0 |     53 |   1 |  106.0 |
        Bailey |    300 |    300 |      0 |     64 |      5 |   1 |  300.0 |
               +--------+--------+--------+--------+--------+-----+--------+

Top non-repeatable levels by time:
    D:10: 1356 daAuts
     D:2: 1180 daAuts
     D:6: 951 daAuts
     D:1: 950 daAuts
    D:13: 942 daAuts
     D:9: 916 daAuts
     D:7: 861 daAuts
    D:12: 809 daAuts
    D:14: 792 daAuts
     D:3: 640 daAuts
    D:11: 593 daAuts
     D:4: 557 daAuts
     D:8: 547 daAuts
     D:5: 497 daAuts
  Bailey: 300 daAuts
